 Dungeon Sprint DCSS version bcrawl-1.27.1d (webtiles) character file.

Game seed: 13130494368968517449

900000 Freyura the Severer (level 12, -6/100 HPs)
             Began as a Demonspawn Gladiator on July 26, 2020.
             Was a Follower of Makhleb.
             Mangled by a meat berserker
             ... wielding a +9 battleaxe
              (73 damage)
             ... in the Dungeon (Sprint VIII: "Arena of Blood").
             The game lasted 00:00:45 (9 turns).

Freyura the Severer (Demonspawn Gladiator)             Turns: 9, Time: 00:00:45

Health: -6/100     AC:  6    Str: 14    XL:     12   Next: 96%
Magic:  12/12      EV: 28    Int: 10    God:    Makhleb [*.....]
Gold:   0          SH:  0    Dex: 20    Spells: 11/11 levels left

rFire    . . .     SeeInvis .   l - +∞ Axe of Woe
rCold    . . .     Gourm    .   (shield currently unavailable)
rNeg     . . .     Faith    .   b - +0 leather armour
rPois    .         Spirit   .   c - +0 helmet
rElec    .         Reflect  .   (no cloak)
rCorr    .         Harm     .   (no gloves)
MR       .....     NoTele   +   (no boots)
Stlth    +++++.....             (no amulet)
HPRegen  0.26/turn              (no ring)
MPRegen  0.13/turn              (no ring)

@: no status effects
A: talons 2, slimy green scales 1, nightstalker 3, rot immunity
a: Renounce Religion


You were in the Dungeon.
You worshipped Makhleb.
Makhleb was aware of your devotion.
You were not hungry.

You visited 1 branch

Inventory:

Hand Weapons
 a - a +0 war axe
 l - the +∞ Axe of Woe (weapon)
   (You found it in the Dungeon)
Missiles
 d - 3 throwing nets {=f}
Armour
 b - a +0 leather armour (worn)
 c - a +0 helmet (worn)
Scrolls
 k - a scroll of blinking
Potions
 f - a potion of curing
 g - a potion of heal wounds
 h - a potion of haste
 i - 2 potions of magic
 j - a potion of berserk rage
Comestibles
 e - a ration {!d}


   Skills:
 + Level 11.5 Fighting
 + Level 19.1 Axes
 + Level 10.6 Throwing
 + Level 18.7 Dodging


You had 11 spell levels left.
You didn't know any spells.
Your spell library was empty.

Dungeon Overview and Level Annotations

Branches:
Dungeon (1/1)

Altars:
Makhleb


Innate Abilities, Weirdness & Mutations

You have razor-sharp toenails.
You are partially covered in slimy green scales. (AC +2)
You are completely attuned to the shadows.
You are immune to rotting.


Message History

You hear a shout! x12
The bag of meat hits you with a +9 war axe!!
You hear a shout!
The bag of meat shouts!
You slice the bag of meat!!
You slaughter the bag of meat joyfully.
You kill the bag of meat!
Makhleb accepts your kill.
You can now gain health from killing.
Your Fighting skill gained 2 levels and is now at level 11!
Your Axes skill gained 3 levels and is now at level 19!
Your Throwing skill increases to level 10!
Your Dodging skill gained 2 levels and is now at level 18!
You have reached level 12!
Your experience leads to an increase in your attributes!
Increase (S)trength, (I)ntelligence, or (D)exterity?
You feel agile. x2; Your demonic ancestry asserts itself...
Your toenails lengthen and sharpen.
You hear a shout! x8
The meat berserker hits you with a +9 battleaxe!!!!
Ouch! That really hurt!
You die...

.. .. #.. ..#
#.. ..# .###..
..###.
......###......
....._.....
#.....# .
#_O@._# .
....#.o)..#....
...o..._..o.o..
......###......
o###.o ..###.
#.. ..# #. .#
o. .. .. ..


You could see a meat berserker (berserk) and 4 bags of meat.

Vanquished Creatures
  2 orcs (D)
2 creatures vanquished.

Notes
Turn   | Place    | Note
-------+----------+-------------------------------------------
     0 | D        | Found the +∞ Axe of Woe
     0 | D        | Freyura the Demonspawn Gladiator began the quest for the
                  | Orb.
     0 | D        | Reached XP level 1. HP: 16/16 MP: 1/1
     2 | D        | Noticed a bag of meat
     2 | D        | Noticed a bag of meat
     4 | D        | Became a worshipper of Makhleb the Destroyer
     4 | D        | Noticed a bag of meat
     5 | D        | Noticed a bag of meat
     6 | D        | Noticed a meat berserker
     6 | D        | Noticed a bag of meat
     7 | D        | Noticed a bag of meat
     8 | D        | Killed a bag of meat
     8 | D        | Reached skill level 16 in Axes
     8 | D        | Gained mutation: You are slightly more attuned to the
                  | shadows. [demonic ancestry]
     8 | D        | Reached XP level 2. HP: 35/35 MP: 2/2
     8 | D        | Gained mutation: You are significantly more attuned to the
                  | shadows. [demonic ancestry]
     8 | D        | Reached XP level 3. HP: 41/41 MP: 3/3
     8 | D        | Gained mutation: You are partially covered in slimy green
                  | scales. (AC +2) [demonic ancestry]
     8 | D        | Reached XP level 4. HP: 47/47 MP: 4/4
     8 | D        | Gained mutation: You are immune to rotting. [demonic
                  | ancestry]
     8 | D        | Reached XP level 5. HP: 53/53 MP: 5/5
     8 | D        | Gained mutation: You are completely attuned to the shadows.
                  | [demonic ancestry]
     8 | D        | Reached XP level 6. HP: 60/60 MP: 6/6
     8 | D        | Gained mutation: You have sharp toenails. [demonic
                  | ancestry]
     8 | D        | Reached XP level 7. HP: 65/65 MP: 7/7
     8 | D        | Reached XP level 8. HP: 72/72 MP: 8/8
     8 | D        | Reached XP level 9. HP: 78/78 MP: 9/9
     8 | D        | Reached XP level 10. HP: 85/85 MP: 10/10
     8 | D        | Reached XP level 11. HP: 90/90 MP: 11/11
     9 | D        | Killed a bag of meat
     9 | D        | Reached * piety under Makhleb
     9 | D        | Reached skill level 19 in Axes
     9 | D        | Reached skill level 10 in Throwing
     9 | D        | Gained mutation: You have razor-sharp toenails. [demonic
                  | ancestry]
     9 | D        | Reached XP level 12. HP: 67/100 MP: 12/12
     9 | D        | Mangled by a meat berserker

Skill      XL: |  1  2  3  4  5  6  7  8  9 10 11 |
---------------+----------------------------------+-----
Fighting       | 9 11 | 11.5
Axes           | 16 19 | 19.1
Throwing       | 9 10 | 10.6
Dodging        | 16 18 | 18.7

Action                   |  1- 3 |  4- 6 |  7- 9 | 10-12 || total
-------------------------+-------+-------+-------+-------++-------
Melee: Executioner's axe |     1 |       |       |     1 ||     2
